 Dungeon Crawl Stone Soup version 0.17.1-3-g152610e (webtiles) character file.

98 kaze the Shield-Bearer (level 4, -2/42 HPs)
             Began as a Deep Dwarf Fighter on Apr 13, 2016.
             Was an Initiate of Gozag.
             Slain by Charly's ghost (9 damage)
             ... on level 6 of the Dungeon.
             The game lasted 00:03:31 (2096 turns).

kaze the Shield-Bearer (Deep Dwarf Fighter)         Turns: 2096, Time: 00:03:31

Health: -2/42      AC: 12    Str: 20    XL:     4   Next: 43%
Magic:  6/13       EV:  7    Int:  9    God:    Gozag
Gold:   172        SH:  9    Dex: 12    Spells: 0 memorised, 3 levels left

rFire  + . .     SeeInvis .     a - +0 war axe
rCold  + . .     Clarity  .     p - +5 scale mail "Doogo" {MP+9}
rNeg   . . .     SustAt   .     c - +0 shield
rPois  +         Gourm    .     (no helmet)
rElec  +         Spirit   .     (no cloak)
rCorr  +         Warding  .     (no gloves)
rMut   .         Stasis   .     (no boots)
MR     .....                    (no amulet)
Stlth  ..........               (no ring)
                                (no ring)

@: resistant, non-regenerating, not resistant to hostile enchantments, extremely
unstealthy
A: damage resistance, recharge devices, sense surroundings 1, slow regeneration
3
a: Device Recharging, Potion Petition, Call Merchant, Bribe Branch, Renounce
Religion


You were on level 6 of the Dungeon.
You worshipped Gozag.
Gozag was noncommittal.
You were not hungry.

You visited 1 branch of the dungeon, and saw 4 of its levels.

You collected 199 gold pieces.
You paid 27 gold pieces to Gozag.

Inventory:

Hand Weapons
 a - a +0 war axe (weapon)
Armour
 b - a +0 scale mail
 c - a +0 shield (worn)
 p - the +5 scale mail "Doogo" (worn) {MP+9}
   (You found it on level 6 of the Dungeon)

   It affects your magic capacity (+9).
Jewellery
 k - a cursed amulet of inaccuracy {unknown}
 t - an uncursed amulet of resist mutation {unknown}
Wands
 e - a wand of heal wounds (5)
Scrolls
 h - 2 scrolls of immolation {unknown}
 i - 4 scrolls of identify {unknown}
 j - a scroll of random uselessness {unknown}
 l - a scroll of noise {unknown}
 m - a scroll of blinking {unknown}
 n - 2 scrolls of teleportation {unknown}
 q - a scroll of enchant armour {unknown}
 r - a scroll of fog {unknown}
 s - a scroll of recharging {unknown}
Potions
 d - a potion of might
 f - a potion of heal wounds {unknown}
 g - a potion of ambrosia
Comestibles
 o - 2 meat rations


   Skills:
 + Level 3.3 Fighting
 + Level 3.0 Axes
 + Level 3.9 Armour
 + Level 0.9 Dodging
 + Level 4.0 Shields


You had 3 spell levels left.
You didn't know any spells.

Dungeon Overview and Level Annotations

Branches:
Dungeon (6/15)
 Temple: D:4-7

Altars:
Gozag
Sif Muna

Annotations:
D:6 Charly's ghost, amateur DDGl


Innate Abilities, Weirdness & Mutations

You are resistant to damage.
You can recharge devices by infusing magical energy.
You passively map a small area around you.
You do not regenerate naturally.


Message History

You hit the phantom.
The phantom is heavily damaged.
You hit Charly's ghost.
Charly's ghost is lightly damaged.
The phantom blinks!
Charly's ghost hits you.
* * * LOW HITPOINT WARNING * * *
You are too injured to fight recklessly!
The phantom blinks!
You are too injured to fight recklessly!
You are too injured to fight recklessly!
You block Charly's ghost's attack. You block the phantom's attack.
Charly's ghost ripples.
The phantom blinks!
You block Charly's ghost's attack. Charly's ghost hits you.
* * * LOW HITPOINT WARNING * * *
Charly's ghost hits you!
You die...
Your body crumbles into a pile of gold.

, *.##... , , , .....# ,
, , * *....# ,, ....# * *
,, , , * , ....##+# ,
.....#.# * , ,
##########.#.#.#.# * *
,,*.........W.#.#.#.###.#
, ** *#@..##)#.......#
..... * #.W.##.###.#####
$ ..... ,, +...+......# ,
.....########...##.#####
,
,...................#....
*, ,
.........................
,
.........................
#.....................##
, ,
#.......................,


You could see a phantom and Charly's ghost.

Vanquished Creatures
  4 adders
  An ooze (D:2)
  3 worms
  An orc (D:3)
  A giant cockroach (D:2)
  3 goblins
  11 hobgoblins
  5 kobolds
  4 ball pythons
  5 bats
  7 giant newts
  4 rats
49 creatures vanquished.

Notes
Turn   | Place    | Note
--------------------------------------------------------------
     0 | D:1      | kaze the Deep Dwarf Fighter began the quest for the Orb.
     0 | D:1      | Reached XP level 1. HP: 20/20 MP: 1/1
    69 | D:1      | Reached XP level 2. HP: 22/27 MP: 2/2
  1165 | D:2      | Reached XP level 3. HP: 13/34 MP: 3/3
  1371 | D:2      | Found an opulent altar of Gozag.
  1380 | D:2      | Found a deep blue altar of Sif Muna.
  1387 | D:2      | Became a worshipper of Gozag Ym Sagoz the Greedy
  1468 | D:2      | Reached XP level 4. HP: 21/42 MP: 4/4
  1871 | D:3      | Reached skill level 4 in Shields
  2012 | D:3      | You fall through a shaft for 3 floors!
  2025 | D:6      | Noticed a phantom
  2067 | D:6      | Got a crude scale mail
  2072 | D:6      | Noticed Charly's ghost (amateur DDGl)
  2078 | D:6      | Identified the +5 scale mail "Doogo" {MP+9} (You found it on level 6 of the Dungeon)
  2096 | D:6      | Slain by Charly's ghost

Action                   |  1- 3 |  4- 6 || total
-------------------------+-------+-------++-------
Melee: War axe           |   119 |    41 ||   160
Invok: Potion Petition   |       |     1 ||     1
  Use: Potion            |     3 |     2 ||     5
  Eat: Chunk             |     2 |       ||     2
       Bread ration      |       |     1 ||     1
